 Dungeon Crawl Stone Soup version 0.30-a0-528-g8c47a49 (webtiles) character file.

Game seed: 9221349961666328946

124998 Stephen2Aus the Executioner (level 16, -15/158 (159) HPs)
             Began as a Minotaur Berserker on Dec 23, 2022.
             Was the Champion of Trog.
             Demolished by Asterion the minotaur simulacrum (44 damage)
             ... on level 1 of the Spider Nest.
             The game lasted 01:10:39 (20619 turns).

Stephen2Aus the Executioner (Minotaur Berserker)   Turns: 20619, Time: 01:10:40

HP:   -15/158 (159) AC: 27    Str: 33    XL:     16   Next: 40%
MP:   15/15         EV: 11    Int:  4    God:    Trog [******]
Gold: 1110          SH: 13    Dex: 11    Spells: 15/15 levels left

rFire   + + +      SeeInvis +    O - +11 war axe "Zoisupam" {vamp, rF+}
rCold   . . .      Faith    .    C - +1 kite shield {rC+}
rNeg    + . .      Spirit   .    o - +0 plate armour {rPois}
rPois   +          Reflect  .    V - +2 hat of Gravity {rN+ Str+2 SInv}
rElec   +          Harm     .    I - +2 cloak {rCorr}
rCorr   +          Rampage  .    q - +2 pair of gloves of Bofilecs {rF+ rC- Regen+}
Will    ++++.                    r - +1 pair of boots Stlth
                                 a - amulet of regeneration
HPRegen 3.06/turn                b - ring of the Ego {rElec rPois Will+ Str+4 Stlth-}
MPRegen 0.14/turn                g - ring of Shadows {Umbra +Inv Stlth+}

@: strong-willed, on berserk cooldown, regenerating, slowed, wreathed by umbra,
lightly drained, very slow
A: horns 2, retaliatory headbutt, hooves 1, fire resistance 1, weak 1
a: Renounce Religion, Evoke Invisibility, Berserk, Trog's Hand, Brothers in Arms


You were on level 1 of the Spider Nest.
You worshipped Trog.
Trog was exalted by your worship.
You visited 4 branches of the dungeon, and saw 23 of its levels.
You visited the Abyss 1 time.
You also visited: Ice Cave.

You collected 2365 gold pieces.
You spent 1255 gold pieces at shops.

Inventory:

Hand Weapons
 O - the +11 war axe "Zoisupam" (weapon) {vamp, rF+}
   (You found it on level 11 of the Dungeon)

   It occasionally heals its wielder for a portion of the damage dealt when it
   wounds a living foe.
   rF:        It protects you from fire.
 P - a +2 broad axe
Missiles
 t - 13 boomerangs (quivered)
 D - 6 javelins
 Q - a throwing net
 Y - 5 silver boomerangs
 Z - a boomerang of dispersal
Armour
 o - a +0 plate armour of poison resistance (worn)
 q - the +2 pair of gloves of Bofilecs (worn) {rF+ rC- Regen+}
   (You bought it in a shop on level 2 of the Orcish Mines)

   rF:        It protects you from fire.
   rC:        It makes you vulnerable to cold.
   Regen:     It increases your rate of health regeneration.
 r - a +1 pair of boots (worn)
 C - a +1 kite shield of cold resistance (worn)
 I - a +2 cloak of preservation (worn)
 V - the +2 hat of Gravity (worn) {rN+ Str+2 SInv}
   (You acquired it on level 5 of the Lair of Beasts)

   Str:       It affects your strength (+2).
   rN:        It protects you from negative energy.
   SInv:      It lets you see invisible.
Jewellery
 a - an amulet of regeneration (around neck)
 b - the ring of the Ego (left hand) {rElec rPois Will+ Str+4 Stlth-}
   (You bought it in a shop on level 15 of the Dungeon)

   [ring of willpower]

   Str:       It affects your strength (+4).
   rElec:     It insulates you from electricity.
   rPois:     It protects you from poison.
   Will:      It increases your willpower.
   Stlth:     It makes you less stealthy.
 g - the ring of Shadows (right hand) {Umbra +Inv Stlth+}
   (You found it on level 4 of the Lair of Beasts)

   [ring of stealth]

   It surrounds you with an aura of shadow, increasing your stealth and reducing
   the accuracy of all others within it.
   +Inv:      It lets you turn invisible.
   Stlth:     It makes you more stealthy.
 l - a +4 ring of protection
Wands
 j - a wand of flame (33)
 s - a wand of digging (6)
 B - a wand of roots (17)
 F - a wand of charming (18)
 H - a wand of mindburst (22)
 M - a wand of quicksilver (14)
 W - a wand of polymorph (7)
Scrolls
 c - 10 scrolls of teleportation
 d - 3 scrolls of summoning
 m - a scroll of magic mapping
 n - a scroll of silence
 y - 2 scrolls of identify
 z - 4 scrolls of fear
 A - a scroll of fog
 G - 2 scrolls of blinking
 N - a scroll of enchant armour
Potions
 e - 4 potions of mutation
 f - 4 potions of berserk rage
 h - a potion of invisibility
 i - 2 potions of resistance
 k - 7 potions of curing
 p - a potion of might
 u - 2 potions of flight
 v - 4 potions of heal wounds
 x - 2 potions of attraction
 R - a potion of cancellation
 S - a potion of haste
 U - 2 potions of ambrosia
Miscellaneous
 E - a condenser vane


   Skills:
 + Level 18.8 Fighting
 - Level 21.1 Axes
 + Level 11.9 Armour
 + Level 10.6 Dodging
 + Level 12.6 Shields
 - Level 7.0 Evocations


You had 15 spell levels left.
You didn't know any spells.
Your spell library was empty.

Dungeon Overview and Level Annotations

Branches:
Dungeon (15/15)            Temple (0/1) D:6            Lair (5/5) D:10
 Shoals (0/4) Lair:2       Spider (1/4) Lair:3        Slime (0/5) Lair:5
    Orc (2/2) D:11            Elf (0/3) Orc:2        Vaults (0/5) D:13
 Depths (0/4) D:15          IceCv (visited)

Altars:
Ashenzari
Elyvilon
Okawaru
Sif Muna
Xom
Yredelemnul
The Shining One
Lugonu

Shops:
D:2 (   D:7 =   D:10 *   D:15 *   Orc:2 [?[(:

Portals:
Abyss: Lair:5

Annotations:
D:4 3 runed translucent doors, blackthorn's ghost, amateur DsDe
D:5 1 runed translucent door, OSAMASBALLS's ghost, amateur DgCj
D:6 8 exclusions
D:11 1 runed translucent door
Lair:5 1 runed translucent door


Innate Abilities, Weirdness & Mutations

You have a pair of horns on your head.
You reflexively headbutt those who attack you in melee.
You have large cloven feet.
Your flesh is heat resistant. (rF+)
You are weak. (Str -2)


Message History

You hit the pharaoh ant.
The orb spider's soul is no longer bound.
You block the redback's attack.
The pharaoh ant bites you but does no damage.
The orb spider pulsates with a strange energy.
You slash the redback!
The redback is almost dead.
You barely miss the pharaoh ant. You hit Asterion. The pharaoh ant misses you.
You furiously retaliate!
You headbutt the pharaoh ant! Asterion hits you but does no damage.
You block Asterion's attack. You block the redback's attack.
The pharaoh ant barely misses you.
You slice the redback!!
You feel better.
You kill the redback!
Trog accepts your kill.
You hit Asterion. You slash the pharaoh ant!
You block the pharaoh ant's attack. Asterion hits you. Asterion freezes you!!
* * * LOW HITPOINT WARNING * * *
Asterion gores you but does no damage. You block the pharaoh ant's attack.
You slice the redback!!
You feel better.
You headbutt the redback.
You kill the redback!
Trog accepts your kill.
You slash the tarantella!
You feel better.
You hit Asterion. You hit the pharaoh ant. The pharaoh ant bites you.
The tarantella closely misses you. Asterion closely misses you.
You furiously retaliate!
You headbutt Asterion! You block Asterion's attack.
You're still recovering from your berserk rage.
Your skin crawls.
You feel strong-willed.
The pharaoh ant bites you but does no damage.
You block the tarantella's attack.
The tarantella touches you but does no damage.
Asterion hits you but does no damage. Asterion gores you but does no damage.
You block the pharaoh ant's attack. Asterion hits you but does no damage.
Asterion closely misses you. The pharaoh ant bites you!!
* * * LOW HITPOINT WARNING * * *
You block the tarantella's attack. Asterion attacks as you move away!
Asterion hits you!
* * * LOW HITPOINT WARNING * * *
Asterion freezes you!!!
You die...

^. .# #. .. .#..
#. . .#..#.###.
. .. .#......
##.. # ...#..
...#...^#.#
#....##s...s#..
...s.#s# ##..
#..#)# ..##
#Bs@##..^#
#.ZB...#
#....#.#.#
..^.#........
#..#.....#$#.#.#
#.#..#.#^... #
.# #..#...#..#..
# ##...#....##.#
.##..#^ ..


You could see an entropy weaver, 3 orb spiders, a pharaoh ant, a tarantella and
Asterion the minotaur simulacrum.

Vanquished Creatures
  A lich (Abyss:2)
  Asterion (Spider:1)
  A fire giant (D:15)
  An emperor scorpion (Spider:1)
  A very ugly thing (Abyss:2)
  2 orc warlords
  A broodmother (Spider:1)
  A reaper (IceCv)
  Azrael (D:13)
  A fire dragon (D:15)
  An entropy weaver (shapeshifter) (D:14)
  An entropy weaver (Spider:1)
  Harold (Lair:1)
  9 hydras
  A catoblepas (D:13)
  8 vault guards (D:13)
  5 centaur warriors
  An ogre mage (D:15)
  3 death knights
  5 boulder beetles
  7 two-headed ogres
  5 thrashing horrors
  4 tengu warriors
  A sixfirhy (Abyss:2)
  2 pharaoh ants (Spider:1)
  2 skeletal warriors (D:15)
  A death drake (Abyss:2)
  2 glowing orange brains
  An orb spider (Lair:3)
  A lindwurm (Lair:5)
  3 orc knights
  Pikel (D:7)
  2 phantasmal warriors (D:15)
  6 manticores
  2 orc sorcerers (Orc:2)
  5 ugly things
  8 cyclopes
  2 wolf spiders (Spider:1)
  25 elephants
  An orange demon (Abyss:2)
  Maurice (D:8)
  6 black mambas
  13 cane toads
  2 ice statues (IceCv)
  4 smoke demons
  2 gargoyles (D:12)
  Maggie (D:8)
  An unseen horror (D:11)
  Psyche (D:11)
  3 demonic crawlers (Spider:1)
  5 rime drakes
  2 freezing wraiths (D:15)
  9 komodo dragons
  2 tengu conjurers
  9 ice devils (IceCv)
  An ancient zyme (Lair:5)
  4 meliai (D:15)
  A polar bear (Lair:4)
  6 trolls
  A troll (shapeshifter) (D:15)
  6 large abominations
  28 blink frogs
  5 tarantellas (Spider:1)
  A wind drake (Lair:2)
  14 slime creatures
  6 dream sheep (Lair:5)
  4 culicivoras (Spider:1)
  2 spriggans (Lair:5)
  5 wyverns
  4 shadows
  2 ynoxinuls
  3 jumping spiders (Spider:1)
  2 dire elephant simulacra (IceCv)
  2 fire elementals (D:13)
  2 steam dragons
  2 vampires (D:12)
  7 wraiths
  44 yaks
  3 basilisks
  A basilisk (shapeshifter) (Lair:5)
  2 neqoxecs (Abyss:2)
  5 harpy simulacra (IceCv)
  2 chaos spawn (Lair:5)
  10 redbacks (Spider:1)
  Menkaure (D:7)
  6 wargs
  Edmund (D:6)
  3 hydra simulacra (IceCv)
  15 water moccasins
  4 acid dragons
  2 hell hounds (D:13)
  2 sky beasts
  Pargi (D:4)
  40 orc warriors
  A lemure (D:7)
  8 ogres
  6 wolves (Lair:5)
  A phantom (D:6)
  8 centaurs
  A kobold brigand (D:10)
  8 bullfrogs
  10 scorpions (D:11)
  15 killer bees
  10 small abominations
  3 howler monkeys (D:9)
  20 orc priests
  Crazy Yiuf (D:6)
  2 jellies
  3 hounds
  4 iguanas
  25 orc wizards
  A polar bear simulacrum (IceCv)
  4 hell rats (Lair:2)
  A spriggan simulacrum (IceCv)
  3 gnolls (D:5)
  6 adders
  A naga simulacrum (IceCv)
  3 white imps
  3 ufetubi
  2 worms (D:2)
  3 dart slugs
  93 orcs
  6 bats
  5 endoplasms
  7 giant cockroaches
  5 goblins
  12 hobgoblins
  3 jackals (D:4)
  3 quokkas
  6 ball pythons
  4 frilled lizards
  16 kobolds
  5 rats
  2 butterflies (D:11)
758 creatures vanquished.

Vanquished Creatures (others)
  A bush (Lair:3)
  21 fungi
  A lurking horror (Abyss:2)
  36 plants
59 creatures vanquished.

Grand Total: 817 creatures vanquished

Notes
Turn   | Place    | Note
-------+----------+-------------------------------------------
     0 | D:1      | Stephen2Aus the Minotaur Berserker began the quest for the
                  | Orb.
     0 | D:1      | Reached XP level 1. HP: 19/19 MP: 0/0
   153 | D:1      | Reached skill level 4 in Axes
   231 | D:1      | Reached XP level 2. HP: 22/27 MP: 1/1
   899 | D:2      | Reached ** piety under Trog
   926 | D:2      | Reached XP level 3. HP: 33/33 MP: 2/2
  1019 | D:2      | Reached skill level 5 in Axes
  1105 | D:2      | Found Sinianis's Weapon Emporium.
  1180 | D:2      | Reached XP level 4. HP: 41/41 MP: 3/3
  1431 | D:3      | Noticed a sky beast
  1444 | D:3      | Killed a sky beast
  1445 | D:3      | Reached skill level 5 in Fighting
  1445 | D:3      | Reached skill level 6 in Axes
  1445 | D:3      | Reached XP level 5. HP: 48/48 MP: 4/4
  1546 | D:3      | Found a broken altar of Ashenzari.
  1546 | D:3      | Found a basalt altar of Yredelemnul.
  1594 | D:3      | Found a shimmering blue altar of Sif Muna.
  2064 | D:4      | Noticed Pargi
  2074 | D:4      | Killed Pargi
  2075 | D:4      | Reached skill level 7 in Axes
  2075 | D:4      | Reached XP level 6. HP: 56/56 MP: 5/5
  2162 | D:4      | Reached *** piety under Trog
  2276 | D:4      | Noticed blackthorn's ghost (amateur DsDe)
  2360 | D:4      | Found a runed translucent gate.
  2360 | D:4      | Found a runed translucent gate.
  2360 | D:4      | Found a runed translucent gate.
  2658 | D:5      | Entered Level 5 of the Dungeon
  2678 | D:5      | Found a runed translucent door.
  2678 | D:5      | Noticed OSAMASBALLS's ghost (amateur DgCj)
  2864 | D:5      | Found an iron altar of Okawaru.
  2987 | D:5      | Reached skill level 8 in Axes
  3043 | D:5      | Found a shimmering altar of Xom.
  3043 | D:5      | Found a glowing golden altar of the Shining One.
  3057 | D:5      | Found a white marble altar of Elyvilon.
  3249 | D:6      | Reached XP level 7. HP: 60/63 MP: 4/6
  3251 | D:6      | Identified a scroll of acquirement
  3261 | D:6      | Acquired a +0 vampiric executioner's axe
  3324 | D:6      | Noticed Edmund
  3448 | D:6      | Killed Edmund
  3449 | D:6      | Reached skill level 9 in Axes
  3515 | D:6      | Noticed a steam dragon
  3532 | D:6      | Killed a steam dragon
  3533 | D:6      | Reached XP level 8. HP: 53/73 MP: 4/7
  3621 | D:6      | Found a staircase to the Ecumenical Temple.
  3677 | D:6      | Reached skill level 10 in Axes
  3832 | D:6      | Reached **** piety under Trog
  3921 | D:6      | Identified the +2 robe "Taunlos" {Rampage rC- rCorr}
  4320 | D:6      | Found a runed translucent door.
  4321 | D:6      | Noticed Crazy Yiuf
  4332 | D:6      | Killed Crazy Yiuf
  4655 | D:7      | Noticed Menkaure
  4667 | D:7      | Killed Menkaure
  4947 | D:7      | Found Niet's Jewellery Shop.
  5010 | D:7      | Reached skill level 11 in Axes
  5142 | D:7      | Reached XP level 9. HP: 69/82 MP: 5/8
  5144 | D:7      | Reached skill level 12 in Axes
  5247 | D:7      | Noticed Pikel
  5254 | D:7      | Killed Pikel
  5255 | D:7      | Reached skill level 13 in Axes
  5454 | D:8      | Noticed Maggie
  5463 | D:8      | Killed Maggie
  5521 | D:8      | Found Buruis's Assorted Antiques.
  5574 | D:8      | Reached skill level 10 in Fighting
  5783 | D:8      | Noticed Maurice
  5791 | D:8      | Killed Maurice
  5792 | D:8      | Reached skill level 14 in Axes
  5852 | D:8      | Noticed a two-headed ogre
  5859 | D:8      | Killed a two-headed ogre
  5860 | D:8      | Reached XP level 10. HP: 64/94 MP: 5/9
  6173 | D:8      | Noticed a tengu warrior
  6187 | D:8      | Killed a tengu warrior
  6188 | D:8      | Reached skill level 15 in Axes
  6328 | D:9      | Noticed a boulder beetle
  6336 | D:9      | Killed a boulder beetle
  6532 | D:9      | Gained mutation: You occasionally lose the ability to drink
                  | potions when taking damage. [potion of mutation]
  6532 | D:9      | Gained mutation: You have large cloven feet. [potion of
                  | mutation]
  6532 | D:9      | Lost mutation: You occasionally lose the ability to drink
                  | potions when taking damage. [potion of mutation]
  6532 | D:9      | Gained mutation: Your flesh is heat resistant. (rF+)
                  | [potion of mutation]
  6657 | D:9      | Reached skill level 16 in Axes
  7008 | D:10     | Entered Level 10 of the Dungeon
  7028 | D:10     | Found Zatih's Assorted Antiques.
  7030 | D:10     | Noticed a two-headed ogre
  7034 | D:10     | Killed a two-headed ogre
  7093 | D:10     | Reached XP level 11. HP: 104/104 MP: 10/10
  7240 | D:10     | Reached ***** piety under Trog
  7316 | D:10     | Found a staircase to the Lair.
  7330 | D:10     | Identified the +4 ring mail of the Desert {rPois}
  7835 | D:11     | Noticed a boulder beetle
  7870 | D:11     | Killed a boulder beetle
  7893 | D:11     | Found a frozen archway.
  7899 | D:11     | Reached skill level 17 in Axes
  7913 | IceCv    | Entered an ice cave
  8177 | IceCv    | Reached skill level 18 in Axes
  8562 | IceCv    | Noticed a reaper
  8569 | IceCv    | Killed a reaper
  8682 | D:11     | Found a staircase to the Orcish Mines.
  8717 | D:11     | Reached XP level 12. HP: 116/116 MP: 11/11
  8777 | D:11     | HP: 1/175 [cyclops (10)]
  8780 | D:11     | Reached skill level 19 in Axes
  8923 | D:11     | Noticed Psyche
  8927 | D:11     | Killed Psyche
  8927 | D:11     | Received a gift from Trog
  9132 | D:11     | Found a runed translucent door.
  9134 | D:11     | Found a runed translucent door.
  9158 | D:11     | Identified the +11 war axe "Zoisupam" {vamp, rF+}
  9208 | D:11     | Noticed a tengu warrior
  9217 | D:11     | Killed a tengu warrior
  9218 | D:11     | Reached skill level 1 in Shields
  9459 | D:11     | Noticed a two-headed ogre
  9465 | D:11     | Killed a two-headed ogre
  9618 | Lair:1   | Entered Level 1 of the Lair of Beasts
  9744 | Lair:1   | Noticed Harold
  9759 | Lair:1   | Killed Harold
 10192 | Lair:1   | Reached skill level 20 in Axes
 10631 | Lair:2   | Reached skill level 15 in Fighting
 10640 | Lair:2   | Reached skill level 5 in Shields
 10778 | Lair:2   | Reached XP level 13. HP: 124/125 MP: 12/12
 10790 | Lair:2   | Found a staircase to the Shoals.
 11504 | Lair:3   | Identified the +5 demon whip "Linim" {flame, Stlth+} (Trog
                  | gifted it to you on level 3 of the Lair of Beasts)
 11504 | Lair:3   | Received a gift from Trog
 11511 | Lair:3   | Reached skill level 1 in Evocations
 11621 | Lair:3   | Reached skill level 21 in Axes
 12022 | Lair:3   | Found a hole to the Spider Nest.
 12638 | Lair:4   | Found the ring of Shadows {Umbra +Inv Stlth+}
 12735 | Lair:4   | Reached skill level 5 in Armour
 13430 | Lair:5   | Entered Level 5 of the Lair of Beasts
 13674 | Lair:5   | Reached XP level 14. HP: 137/137 MP: 13/13
 13684 | Lair:5   | Found a runed translucent door.
 13685 | Lair:5   | Noticed an azure jelly
 13686 | Lair:5   | Noticed an azure jelly
 13688 | Lair:5   | Found a staircase to the Slime Pits.
 13688 | Lair:5   | Noticed an azure jelly
 13967 | Lair:5   | Reached skill level 5 in Dodging
 14304 | Lair:5   | Identified the +4 lajatang of Overwhelming Force {flame,
                  | rN+++ Will+ Str-2 Dex+4} (Trog gifted it to you on level 5
                  | of the Lair of Beasts)
 14304 | Lair:5   | Received a gift from Trog
 14305 | Lair:5   | Reached skill level 5 in Evocations
 14554 | Lair:5   | Acquired the +2 hat of Gravity {rN+ Str+2 SInv}
 14667 | Abyss:2  | Cast into level 2 of the Abyss (spriggan)
 14676 | Abyss:2  | Noticed a tentacled starspawn
 14770 | Abyss:2  | Found a sparkling altar of Nemelex Xobeh.
 14776 | Abyss:2  | Noticed a starcursed mass
 14890 | Abyss:2  | Noticed a lich
 14914 | Abyss:2  | Killed a lich
 14980 | Abyss:2  | Noticed a cyan very ugly thing
 14989 | Abyss:2  | Gained mutation: You are weak. (Str -2) [a neqoxec]
 14990 | Abyss:2  | Killed a cyan very ugly thing
 15004 | Lair:5   | Escaped the Abyss
 15055 | Lair:5   | Found a corrupted altar of Lugonu.
 15055 | Lair:5   | Found a one-way gate to the infinite horrors of the Abyss.
 15507 | Orc:1    | Entered Level 1 of the Orcish Mines
 15600 | Orc:1    | Received a gift from Trog
 15604 | Orc:1    | Noticed an orc warlord
 15680 | D:11     | Killed an orc warlord
 16081 | Orc:2    | Entered Level 2 of the Orcish Mines
 16123 | Orc:2    | Reached XP level 15. HP: 146/147 MP: 14/14
 16259 | Orc:2    | Found Rueguj's Antique Weapon Shop.
 16274 | Orc:2    | Found Hauxudeh's Antique Armour Boutique.
 16304 | Orc:2    | Bought a pair of faintly humming gloves for 323 gold pieces
 16304 | Orc:2    | Identified the +2 pair of gloves of Bofilecs {rF+ rC-
                  | Regen+} (You bought it in a shop on level 2 of the Orcish
                  | Mines)
 16334 | Orc:2    | Bought a translucent hand axe for 192 gold pieces
 16334 | Orc:2    | Identified the +6 hand axe of Toighikh {venom, Drain rPois
                  | rN++ Will+} (You bought it in a shop on level 2 of the
                  | Orcish Mines)
 16441 | Orc:2    | Reached skill level 10 in Shields
 16511 | Orc:2    | Found a staircase to the Elven Halls.
 16538 | Orc:2    | Found Luphagh's Armour Emporium.
 16575 | Orc:2    | Found Lairypnys's Magic Scroll Emporium.
 16596 | Orc:2    | Bought a scroll of identify for 36 gold pieces
 16596 | Orc:2    | Bought a scroll of teleportation for 54 gold pieces
 16596 | Orc:2    | Bought a scroll of blinking for 135 gold pieces
 16596 | Orc:2    | Bought a scroll of identify for 36 gold pieces
 16618 | Orc:2    | Bought a +0 kite shield for 67 gold pieces
 16757 | Orc:2    | Reached ****** piety under Trog
 16760 | Orc:2    | Received a gift from Trog
 16805 | Orc:2    | Found Huprengi's Book Shop.
 17752 | D:13     | Noticed Azrael
 17762 | D:13     | Killed Azrael
 17858 | D:13     | Received a gift from Trog
 17984 | D:13     | Found a gate to the Vaults.
 18006 | D:13     | Reached skill level 10 in Armour
 18094 | D:13     | Found a broken altar of Ashenzari.
 19281 | D:15     | Entered Level 15 of the Dungeon
 19281 | D:15     | Noticed a fire giant
 19281 | D:15     | Found a staircase to the Depths.
 19358 | D:15     | Killed a fire giant
 19785 | D:15     | Reached XP level 16. HP: 118/158 MP: 15/15
 19846 | D:15     | Reached skill level 10 in Dodging
 19938 | D:15     | Found Labrul's Assorted Antiques.
 19947 | D:15     | Bought a scroll of blinking for 247 gold pieces
 19947 | D:15     | Bought a wavering gossamer ring for 165 gold pieces
 19947 | D:15     | Identified the ring of the Ego {rElec rPois Will+ Str+4
                  | Stlth-} (You bought it in a shop on level 15 of the
                  | Dungeon)
 20496 | Spider:1 | Entered Level 1 of the Spider Nest
 20591 | Spider:1 | Noticed Asterion
 20598 | Spider:1 | Noticed an Executioner
 20607 | Spider:1 | Killed Asterion
 20607 | Spider:1 | Received a gift from Trog
 20619 | Spider:1 | Demolished by Asterion the minotaur simulacrum

Illustrated notes

Levels and vault maps discovered:
D:1:      dpeg_arrival_chambers_temple_mockup, layout_loops_ring
D:2:      minmay_diamond_boxcup, layout_rooms, serial_shops, shop
D:3:      layout_loops_ring, gammafunk_temple_overflow_wave, led_sif_book
D:4:      layout_gridville, gammafunk_ghost_split, uniq_pargi
D:5:      layout_cave_pools, nicolae_overflow_hidden_temple,
          lemuel_doored_altar, hellmonk_ghost_happy_afterlife
D:6:      nicolae_whirlpool, layout_loops_ring, temple_pool_b, uniq_edmund,
          uniq_crazy_yiuf_cottage
D:7:      layout_basic, nicolae_stop_n_shop_2, uniq_pikel, uniq_menkaure
D:8:      layout_basic, serial_shops, kennysheep_mini, minmay_between,
          uniq_maurice, uniq_maggie
D:9:      layout_roguey
D:10:     nicolae_cairo_tiling_large, layout_loops_ring, dpeg_oklobed_lair,
          serial_shops, shop_fountains
D:11:     lemuel_insect_pit, layout_basic, erik_orc_4, portal_ice_cave_rime,
          uniq_psyche
D:12:     layout_grid_maze, special_room [special_room_orc],
          nicolae_concentric_dashed_squares_wild
D:13:     layout_irregular_city, erik_vaults_2, nicolae_ashenzari_skybound,
          uniq_azrael
D:14:     layout_long_grid, minmay_misc_feat_nine_boxes
D:15:     grunt_enter_depths_giant_problem, layout_basic, serial_shops, shop,
          minmay_pinched_square
Lair:1:   layout_cave_pods, uniq_harold
Lair:2:   layout_concentric_octagons, minmay_shoals_entry_beasts,
          serial_bayou_shore_b, grunt_megastairs_1
Lair:3:   layout_small_grid, nicolae_spider_entry_orb_guardian
Lair:4:   layout_cave_pods, st_stairs_9, grunt_megastairs_4
Lair:5:   hellmonk_lair_end_abyssal_woods, layout_cave_pods, slime_entry_2,
          st_stairs_13
Spider:1: layout_spider_delve, uniq_asterion
Orc:1:    layout_caves
Orc:2:    grunt_orc_community_town_hall, layout_diamond_mine,
          grunt_orc_community_big_house_1, grunt_orc_community_big_house_1,
          grunt_orc_community_house_1, grunt_orc_community_house_1,
          grunt_orc_community_house_3, grunt_orc_community_house_2,
          serial_shops, nicolae_shop_window_shopping

Skill      XL: |  1  2  3  4  5  6  7  8  9 10 11 12 13 14 15 16 |
---------------+-------------------------------------------------+-----
Axes           | 4 5 6 7 8 9 11 14 16 18 20 21 | 21.1
Fighting       | 4 5 6 7 8 10 12 13 15 16 17 18 | 18.8
Shields        | 5 7 9 11 12 | 12.6
Armour         | 6 8 11 | 11.9
Evocations     | 4 6 7 |  7.0
Dodging        | 4 7 9 10 | 10.6

Action                   |  1- 3 |  4- 6 |  7- 9 | 10-12 | 13-15 | 16-18 || total
-------------------------+-------+-------+-------+-------+-------+-------++-------
Melee: Hand axe          |    83 |   146 |   104 |       |       |       ||   333
       Headbutt          |    10 |    19 |    33 |    81 |   237 |    35 ||   415
       Punch             |       |       |     3 |       |       |       ||     3
       Executioner's axe |       |       |    56 |   267 |       |       ||   323
       War axe           |       |       |       |   129 |   962 |   156 ||  1247
Throw: Boomerang         |       |       |     2 |       |       |       ||     2
Invok: Berserk           |       |     2 |     1 |     3 |     4 |     1 ||    11
       Trog's Hand       |       |       |       |       |     2 |     1 ||     3
Evoke: Wand              |       |       |     2 |     1 |    17 |     7 ||    27
  Use: Scroll            |       |       |     9 |     9 |    10 |       ||    28
       Potion            |       |       |       |     6 |     3 |       ||     9
 Stab: Sleeping          |       |       |       |       |    13 |       ||    13
       Invisible         |       |       |       |       |     3 |       ||     3
Armor: Leather armour    |     9 |       |       |       |       |       ||     9
       Chain mail        |     9 |       |       |       |       |       ||     9
       Plate armour      |    40 |    82 |    86 |       |       |   145 ||   353
       Swamp dragon scal |       |       |    14 |    56 |       |       ||    70
       Ring mail         |       |       |       |   127 |   462 |    48 ||   637
       Ice dragon scales |       |       |       |    16 |       |       ||    16
Dodge: Dodged            |    38 |    70 |    97 |   289 |   551 |   139 ||  1184
Block: Buckler           |       |       |       |    21 |   166 |       ||   187
       Kite shield       |       |       |       |       |   191 |   147 ||   338

Table legend: (Time is in decaauts)
 A = Elapsed time spent in this place.
 B = Non-inter-level travel time spent in this place.
 C = Inter-level travel time spent in this place.
 D = Time resting spent in this place.
 E = Time spent auto-exploring this place.
 F = Levels seen in this place.
 G = Mean time per level.
                   A        B        C        D        E       F      G
               +--------+--------+--------+--------+--------+-----+--------+
         Total |  20472 |  19552 |    920 |    796 |  14609 |  25 |  818.9 |
       Dungeon |  12490 |  12020 |    470 |    591 |   9078 |  15 |  832.7 |
          Lair |   5529 |   5154 |    375 |     80 |   4287 |   5 | 1105.8 |
   Spider Nest |    103 |    103 |      0 |      0 |      0 |   1 |  103.0 |
  Orcish Mines |   1225 |   1151 |     74 |      0 |    810 |   2 |  612.5 |
         Abyss |    370 |    370 |      0 |      6 |      0 |   1 |  370.0 |
      Ice Cave |    753 |    753 |      0 |    117 |    434 |   1 |  753.0 |
               +--------+--------+--------+--------+--------+-----+--------+

Top non-repeatable levels by time:
  Lair:5: 1499 daAuts
     D:6: 1290 daAuts
  Lair:3: 1249 daAuts
    D:11: 1146 daAuts
  Lair:4: 1114 daAuts
    D:15: 1008 daAuts
     D:8: 897 daAuts
    D:10: 889 daAuts
  Lair:2: 855 daAuts
    D:14: 841 daAuts
    D:12: 822 daAuts
  Lair:1: 810 daAuts
     D:1: 787 daAuts
     D:7: 786 daAuts
   IceCv: 753 daAuts
